 Dungeon Crawl Stone Soup version 0.28.0-47-ge53b351184 (webtiles) character file.

Game seed: 3152582457809382535

53 Kangaroobicon the Skirmisher (level 3, -2/24 HPs)
             Began as a Gargoyle Fighter on May 1, 2022.
             Slain by a gnoll
             ... wielding a +0 halberd
              (8 damage)
             ... on level 3 of the Dungeon.
             The game lasted 00:15:24 (1636 turns).

Kangaroobicon the Skirmisher (Gargoyle Fighter)     Turns: 1636, Time: 00:15:24

Health: -2/24      AC: 12    Str: 19    XL:     3   Next: 87%
Magic:  0/3        EV: 10    Int:  8    God:
Gold:   64         SH:  4    Dex: 11    Spells: 2/2 levels left

rFire   . . .      SeeInvis .   a - +0 war axe
rCold   . . .      Faith    .   c - +0 buckler
rNeg    + . .      Spirit   +   m - +3 ring mail
rPois   ∞          Reflect  .   (no helmet)
rElec   +          Harm     .   (no cloak)
rCorr   .          Rampage  .   (no gloves)
Will    .....                   (no boots)
Stlth   +.........              j - amulet of guardian spirit
HPRegen 0.08/turn               l - ring of wizardry
MPRegen 0.08/turn               (no ring)

@: no status effects
A: sickness immunity, AC +3, negative energy resistance 1, electricity
resistance, torment resistance 1, petrification resistance
a: no special abilities


You were on level 3 of the Dungeon.
You visited 1 branch of the dungeon, and saw 3 of its levels.

You collected 64 gold pieces.

Inventory:

Hand Weapons
 a - a +0 war axe (weapon)
 g - a +0 battleaxe
Missiles
 e - 70 stones (quivered)
Armour
 b - the +1 robe of Prudence {-Tele Rampage rElec rN+++}
   (You found it on level 2 of the Dungeon)

   rElec:     It insulates you from electricity.
   rN:        It renders you almost immune to negative energy.
   -Tele:     It prevents most forms of teleportation.
   Rampage:   It bestows one free step when moving towards enemies.
 c - a +0 buckler (worn)
 m - a +3 ring mail (worn)
Jewellery
 j - an amulet of guardian spirit (around neck)
 l - a ring of wizardry (left hand)
Scrolls
 f - a scroll of teleportation
 k - 2 scrolls of amnesia {unknown}
Potions
 d - a potion of might
 h - 2 potions of curing {unknown}
 i - 2 potions of brilliance {unknown}


   Skills:
 + Level 3.8 Fighting
 + Level 2.6 Axes
 + Level 3.8 Armour
 + Level 0.2 Stealth
 + Level 3.5 Shields


You had 2 spell levels left.
You didn't know any spells.
Your spell library contained the following spells:

 Spells                   Type           Power      Damage    Failure   Level
 Gell's Gravitas          Tloc           0%         N/A       71%         3
 Lesser Beckoning         Tloc           0%         N/A       71%         3
 Teleport Other           Tloc           0%         N/A       71%         3


Dungeon Overview and Level Annotations

Branches:
Dungeon (3/15)

Altars:
Makhleb


Innate Abilities, Weirdness & Mutations

You are immune to sickness and miasma.
Your stone body is resilient. (AC +3)
You are immune to poison.
You resist negative energy. (rN+)
You are resistant to electric shocks. (rElec)
You are resistant to unholy torment.
You are immune to petrification.


Message History

Okay, then.
You climb downwards.
There is a stone staircase leading up here.
Found an escape hatch in the ceiling.
A worm comes into view.
You hit the worm but do no damage. The worm bites you but does no damage.
You hit the worm.
The worm is lightly wounded.
You slash the worm!
The worm is severely wounded.
The worm bites you but does no damage.
You hit the worm.
The worm is almost dead.
The worm closely misses you.
You hit the worm.
You kill the worm!
Found a scroll labelled LOMEDD FILUETAO.
k - 2 scrolls labelled LOMEDD FILUETAO (gained 1) 2 gnolls come into view.
The gnoll shouts!
A gnoll comes into view. It is wielding a +0 flail.
The gnoll shouts!
You completely miss the gnoll. You block the gnoll's attack.
You hit the gnoll but do no damage. The gnoll barely misses you.
The gnoll closely misses you.
You hit the gnoll but do no damage. You block the gnoll's attack.
The gnoll closely misses you. x2
The gnoll hits you from afar with a +0 halberd.
You closely miss the gnoll. The gnoll barely misses you.
The gnoll hits you from afar with a +0 halberd.
You barely miss the gnoll. The gnoll closely misses you.
The gnoll hits you from afar with a +0 halberd!
The gnoll hits you with a +0 flail!
* * * LOW HITPOINT WARNING * * *
The gnoll hits you but does no damage.
You slash the gnoll!
The gnoll is almost dead.
The gnoll barely misses you.
The gnoll hits you from afar with a +0 halberd!
You die...

##########
....ggg@.#
#####+#######.#
#......######.#
#.............#
#.............+
#.............#
#####.....#####
#####.### #...#


You could see 3 gnolls.

Vanquished Creatures
  An adder (D:2)
  A worm (D:3)
  6 ball pythons
  5 bats
  3 endoplasms
  4 giant cockroaches
  4 goblins
  2 hobgoblins
  3 jackals (D:1)
  2 kobolds
  2 quokkas
  A frilled lizard (D:2)
  2 rats
36 creatures vanquished.

Notes
Turn   | Place    | Note
-------+----------+-------------------------------------------
     0 | D:1      | Kangaroobicon the Gargoyle Fighter began the quest for the
                  | Orb.
     0 | D:1      | Reached XP level 1. HP: 14/14 MP: 1/1
   134 | D:1      | Found a faded altar of an unknown god.
   143 | D:1      | Reached XP level 2. HP: 14/19 MP: 2/2
   842 | D:2      | Reached XP level 3. HP: 24/24 MP: 3/3
   857 | D:2      | Found a burning altar of Makhleb.
  1289 | D:2      | Identified the +1 robe of Prudence {-Tele Rampage rElec
                  | rN+++}
  1636 | D:3      | Slain by a gnoll

Illustrated notes

Levels and vault maps discovered:
D:1:      dpeg_arrival_erosion, layout_loops_ring, ebering_ecumenical_altar_box,
          minmay_bisected
D:2:      layout_loops_corners, basic_altar, kennysheep_decorative_pillar,
          amcnicky_mini_rare_corridor_liquid
D:3:      layout_basic, pdpol_wu_jian_five_deadly_venoms

Skill      XL: |  1  2 |
---------------+-------+-----
Axes           | 2 |  2.6
Fighting       | |  3.8
Armour         | |  3.8
Stealth        | |  0.2
Shields        | |  3.5

Action                   || total
-------------------------++-------
Melee: War axe           ||   105
  Use: Scroll            ||     1
Armor: Scale mail        ||    33
       Ring mail         ||    31
Dodge: Dodged            ||    49
Block: Buckler           ||    23
